 Dungeon Crawl Stone Soup version 0.28.0-45-g0d030f2227 (webtiles) character file.

Game seed: 13032618561753722501

604 suse60 the Shield-Bearer (level 7, -2/56 HPs)
             Began as a Formicid Fighter on Mar 29, 2022.
             Slain by a killer bee (5 damage)
             ... on level 4 of the Dungeon on Apr 2, 2022.
             The game lasted 00:22:51 (3687 turns).

suse60 the Shield-Bearer (Formicid Fighter)         Turns: 3687, Time: 00:22:51

Health: -2/56      AC: 11    Str: 21    XL:     7   Next: 70%
Magic:  7/7        EV:  8    Int:  7    God:
Gold:   169        SH:  9    Dex: 12    Spells: 6/6 levels left

rFire   . . .      SeeInvis +   a - +0 war axe
rCold   . . .      Faith    .   k - +0 kite shield
rNeg    . . .      Spirit   .   b - +0 scale mail
rPois   .          Reflect  .   (helmet unavailable)
rElec   .          Harm     .   (no cloak)
rCorr   .          Rampage  .   (no gloves)
Will    .....                   (no boots)
Stlth   ..........              (no amulet)
HPRegen 0.18/turn               l - +4 ring of protection
MPRegen 0.10/turn               (no ring)

@: no status effects
A: permanent stasis, dig shafts and tunnels, antennae 3, four strong arms
a: Dig, Shaft Self


You were on level 4 of the Dungeon.
You visited 1 branch of the dungeon, and saw 4 of its levels.

You collected 169 gold pieces.

Inventory:

Hand Weapons
 a - a +0 war axe (weapon)
Missiles
 c - 2 throwing nets
 h - 18 poisoned darts
Armour
 b - a +0 scale mail (worn)
 k - a +0 kite shield (worn)
Jewellery
 e - an amulet of faith
 l - a +4 ring of protection (left hand)
Wands
 g - a wand of paralysis (7)
Potions
 i - a potion of mutation {unknown}
 j - a potion of curing {unknown}
 n - a potion of brilliance {unknown}


   Skills:
 + Level 5.4 Fighting
 + Level 4.2 Axes
 + Level 5.3 Armour
 + Level 5.8 Shields


You had 6 spell levels left.
You didn't know any spells.
Your spell library contained the following spells:

 Spells                   Type           Power      Damage    Failure   Level
 Static Discharge         Conj/Air       0%         N/A       98%         2
 Lesser Beckoning         Tloc           0%         N/A       100%        3
 Dispel Undead            Necr           0%         3d6       100%        4
 Sticky Flame             Conj/Fire      0%         2d3       100%        4
 Manifold Assault         Tloc           0%         N/A       100%        5
 Blink                    Tloc           Unusable   N/A       N/A         2

Dungeon Overview and Level Annotations

Branches:
Dungeon (4/15)
 Temple: D:4-7

Altars:
Dithmenos
Zin


Innate Abilities, Weirdness & Mutations

You cannot be hasted, slowed, berserked, paralysed or teleported.
You can dig through walls and to a lower floor.
You have a pair of large antennae on your head. (SInv)
Your four strong arms can wield two-handed weapons with a shield.


Message History

The orc shouts! x3
The quokka bites you.
An endoplasm comes into view.
The endoplasm quivers.
You block the orc's attack.
The killer bee stings you but does no damage.
The quokka twitches its whiskers.
You block the killer bee's attack.
You block the killer bee's attack. x2; The killer bee closely misses you.
The killer bee stings you.
* * * LOW HITPOINT WARNING * * *
The killer bee stings you but does no damage.
The killer bee stings you.
* * * LOW HITPOINT WARNING * * *
You block the killer bee's attack.
Aiming: Paralyse
Press: ? - help, Q - select action, (/) - cycle Shift-Dir - straight line, f - killer bee
Aim: a killer bee (chance to affect: 57%)
The killer bee suddenly stops moving!
The killer bee barely misses you. You block the killer bee's attack.
The killer bee stings you.
* * * LOW HITPOINT WARNING * * *
The killer bee barely misses you. The killer bee barely misses you.
The killer bee stings you.
* * * LOW HITPOINT WARNING * * *
The killer bee stings you.
* * * LOW HITPOINT WARNING * * *
Aiming: Paralyse
Press: ? - help, Q - select action, (/) - cycle Shift-Dir - straight line, f - killer bee
Aim: a killer bee (heavily wounded, chance to affect: 57%)
The killer bee resists with significant effort.
You block the killer bee's attack.
Aiming: Paralyse
Press: ? - help, Q - select action, (/) - cycle Shift-Dir - straight line, f/p - killer bee
Aim: a killer bee (heavily wounded, chance to affect: 57%)
The killer bee suddenly stops moving!
The killer bee stings you.
* * * LOW HITPOINT WARNING * * *
The killer bee stings you.
You die...

### ##### #.# ##...###.#
###........###
##............##
##..............############
#..............yy##........#
...............#@.#........#
...............##..........#
..............####.........#
..............# #......<..#
..............# ##......†..#
..............# #..........#
..>..........!# #..........#
............[## #..........#
.............# #..........##


You could see 2 killer bees.

Vanquished Creatures
  A phantom (D:3)
  A water moccasin zombie (D:3)
  A water moccasin skeleton (D:3)
  The ghost of SHADDY the Conjurer, a weakling DECj (D:3)
  A bullfrog skeleton (D:3)
  3 jellies
  A hound (D:4)
  An iguana (D:4)
  An orc wizard (D:4)
  A hound skeleton (D:4)
  4 gnolls (D:4)
  An adder (D:2)
  A shadow imp (D:3)
  4 worms
  2 dart slugs
  12 orcs
  10 endoplasms
  3 giant cockroaches
  2 goblins
  6 hobgoblins
  9 jackals
  3 quokkas
  5 ball pythons
  6 bats
  3 frilled lizards
  15 kobolds
  3 rats
101 creatures vanquished.

Vanquished Creatures (collateral kills)
  A quokka (D:4)
1 creature vanquished.

Vanquished Creatures (others)
  6 fungi (D:3)
  7 toadstools (D:3)
13 creatures vanquished.

Grand Total: 115 creatures vanquished

Notes
Turn   | Place    | Note
-------+----------+-------------------------------------------
     0 | D:1      | suse60 the Formicid Fighter began the quest for the Orb.
     0 | D:1      | Reached XP level 1. HP: 18/18 MP: 1/1
   160 | D:1      | Reached XP level 2. HP: 24/24 MP: 2/2
   375 | D:1      | Reached XP level 3. HP: 23/29 MP: 3/3
   480 | D:1      | Found a faded altar of an unknown god.
  1499 | D:2      | Reached XP level 4. HP: 33/37 MP: 4/4
  2087 | D:3      | Found a shadowy altar of Dithmenos.
  2235 | D:3      | Found a transporter.
  2238 | D:3      | Noticed SHADDY's ghost (weakling DECj)
  2240 | D:3      | Found a transporter.
  2503 | D:3      | Reached XP level 5. HP: 42/42 MP: 5/5
  2546 | D:3      | HP: 1/43 [acid (8)]
  2579 | D:2      | Reached XP level 6. HP: 35/49 MP: 6/6
  2843 | D:3      | Reached skill level 5 in Shields
  2847 | D:3      | Killed SHADDY's ghost
  2849 | D:3      | Reached XP level 7. HP: 36/55 MP: 7/7
  3049 | D:4      | Reached skill level 5 in Fighting
  3091 | D:3      | Reached skill level 5 in Armour
  3622 | D:4      | Found a glowing silver altar of Zin.
  3687 | D:4      | Slain by a killer bee

Illustrated notes

Levels and vault maps discovered:
D:1:      amcnicky_arrival_gap_in_the_tavern_cellar, layout_basic,
          hellmonk_ecumenical_altar_dog_temple
D:2:      layout_rooms
D:3:      cheibrodos_fertilizer, layout_rooms,
          mainiacjoe_overflow_concentric_impassable, gammafunk_ghost_mausoleum
D:4:      layout_cave_pods, old_standard_altar, kennysheep_generic_room_14

Skill      XL: |  1  2  3  4  5  6  7 |
---------------+----------------------+-----
Shields        | 4 5 |  5.8
Fighting       | 4 5 |  5.4
Armour         | 4 5 |  5.3
Axes           | 3 4 |  4.2

Action                   |  1- 3 |  4- 6 |  7- 9 || total
-------------------------+-------+-------+-------++-------
Melee: War axe           |    93 |   104 |    90 ||   287
Evoke: Wand              |       |       |     4 ||     4
  Use: Scroll            |     3 |     3 |     3 ||     9
       Potion            |       |     3 |       ||     3
Armor: Scale mail        |    40 |    31 |    49 ||   120
Dodge: Dodged            |    51 |    20 |    32 ||   103
Block: Buckler           |    16 |       |       ||    16
       Kite shield       |     8 |    40 |    62 ||   110
